 Dungeon Crawl Stone Soup version 0.30-a0-946-gec5dcfc036 (webtiles) character file.

Game seed: 17836738488305366183

669 HoaS the Skirmisher (level 7, -1/50 HPs)
             Began as a Formicid Hunter on Mar 26, 2023.
             Was a Believer of Zin.
             Slain by senseless's ghost (6 damage)
             ... on level 3 of the Dungeon.
             The game lasted 00:07:42 (3700 turns).

HoaS the Skirmisher (Formicid Hunter)               Turns: 3700, Time: 00:07:43

Health: -1/50      AC:  3    Str: 15    XL:     7   Next: 89%
Magic:  9/9        EV: 12    Int:  9    God:    Zin [**....]
Gold:   367        SH:  0    Dex: 19    Spells: 6/6 levels left

rFire   . . .      SeeInvis +    a - +0 shortbow
rCold   . . .      Faith    .    (no shield)
rNeg    . . .      Spirit   .    c - +0 leather armour
rPois   .          Reflect  .    (helmet unavailable)
rElec   .          Rampage  .    (no cloak)
rCorr   .                        (no gloves)
Will    .....                    (no boots)
Stlth   ++                       (no amulet)
HPRegen 0.28/turn                (no ring)
MPRegen 0.11/turn                (no ring)

@: no status effects
A: permanent stasis, dig shafts and tunnels, antennae 3, four strong arms
a: Dig, Shaft Self, Renounce Religion, Recite, Vitalisation, Donate Gold


You were on level 3 of the Dungeon.
You worshipped Zin.
Zin was pleased with you.
You visited 2 branches of the dungeon, and saw 6 of its levels.

You collected 407 gold pieces.
You donated 40 gold pieces to Zin.

Inventory:

Hand Weapons
 a - a +0 shortbow (weapon)
Armour
 c - a +0 leather armour (worn)
Wands
 g - a wand of light (3)
 k - a wand of charming (11)
 o - a wand of roots (8)
Scrolls
 b - 3 scrolls of immolation
Potions
 d - a potion of haste {unknown}
 e - a potion of attraction {unknown}
 f - 2 potions of brilliance {unknown}
 j - a potion of lignification {unknown}
 m - a potion of mutation {unknown}
 n - a potion of cancellation {unknown}
 p - a potion of ambrosia {unknown}
 q - a potion of invisibility {unknown}
 r - a potion of berserk rage {unknown}


   Skills:
 - Level 2.1 Fighting
 * Level 8.4 Ranged Weapons
 - Level 1.7 Dodging
 - Level 1.2 Stealth
 + Level 3.7 Invocations


You had 6 spell levels left.
You didn't know any spells.
Your spell library contained the following spells:

 Spells                   Type           Power      Damage    Failure   Level
 Beastly Appendage        Tmut           0%         N/A       45%         1
 Sting                    Tmut/Pois      0%         1d3       45%         1
 Summon Small Mammal      Summ           0%         N/A       45%         1
 Poisonous Vapours        Pois/Air       0%         N/A       58%         2
 Wereblood                Tmut           0%         N/A       58%         2
 Call Canine Familiar     Summ           0%         N/A       83%         3
 Spider Form              Tmut/Pois      0%         N/A       83%         3
 Summon Guardian Golem    Hex/Summ       0%         N/A       83%         3
 Olgreb's Toxic Radiance  Pois           0%         N/A       99%         4


Dungeon Overview and Level Annotations

Branches:
Dungeon (5/15)             Temple (1/1) D:4

Altars:
Cheibriados
Dithmenos
Elyvilon
Gozag
Hepliaklqana
Kikubaaqudgha
Nemelex Xobeh
Okawaru
Qazlal
Ru
Sif Muna
Trog
Uskayaw
Vehumet
Xom
Zin
The Shining One

Shops:
D:5 *

Annotations:
D:3 1 transporter, senseless's ghost, amateur HuMo


Innate Abilities, Weirdness & Mutations

You cannot be hasted, slowed, berserked, paralysed or teleported.
You can dig through walls and to a lower floor.
You have a pair of large antennae on your head. (SInv)
Your four strong arms can wield two-handed weapons with a shield.


Message History

Zin accepts your kill. Senseless's ghost hits you!
* * * LOW HITPOINT WARNING * * *
Senseless's ghost hits you!
* * * LOW HITPOINT WARNING * * *
You shoot an arrow.
The arrow closely misses senseless's ghost.
The arrow hits the bullfrog skeleton but does no damage.
Senseless's ghost barely misses you.
You shoot an arrow. The arrow hits senseless's ghost!
Senseless's ghost is heavily damaged.
Senseless's ghost hits you.
* * * LOW HITPOINT WARNING * * *
You feel better.
Senseless's ghost laughs, "And you think you're capable of finding the ORB?
I had it, you know.
Then I gave it away so I could steal it AGAIN."
Senseless's ghost closely misses you.
You shoot an arrow. The arrow hits senseless's ghost.
Senseless's ghost is severely damaged.
Senseless's ghost hits you.
* * * LOW HITPOINT WARNING * * *
You shoot an arrow.
The arrow hits senseless's ghost but does no damage.
Senseless's ghost is severely damaged.
Senseless's ghost barely misses you.
You shoot an arrow.
The arrow closely misses senseless's ghost.
The arrow hits the bullfrog skeleton!
The bullfrog skeleton is moderately damaged.
Senseless's ghost hits you.
* * * LOW HITPOINT WARNING * * *
You shoot an arrow.
The arrow barely misses senseless's ghost.
The arrow barely misses the bullfrog skeleton.
Senseless's ghost barely misses you.
You shoot an arrow.
The arrow closely misses senseless's ghost.
The arrow hits the bullfrog skeleton.
The bullfrog skeleton is heavily damaged.
Senseless's ghost hits you.
You die...

...#####.........................
...# #...........©.............
...#####.....#############.......
.............#...........#.......
....###......#...........#.......
##...####....#..##...##.Z#.....#.
###..#####...#..#8...8#..#....#..
###..>.####..#..##...##..#......#
.##.##.##....#..@WZ©.....#.....##
.##..#.##.#..#..##Z..##..#.....#.
.......##.#..#..#8...8#..#.......
..........#..#..##...##..#....###
##.#.#..#....#...........#.......
##.#.#..##...#...[($$...©#...(.).
...#....##...#############.......
........###........©.............
..##...####......................


You could see senseless's ghost, a howler monkey zombie and a bullfrog skeleton.

Vanquished Creatures
  A water moccasin (D:5)
  A phantom (D:4)
  2 scorpions
  A wight (D:3)
  2 hounds
  A bullfrog skeleton (D:3)
  A sleepcap (D:5)
  2 orc wizards
  6 adders
  An ufetubus (D:4)
  2 worms
  A dart slug (D:3)
  17 orcs
  4 bats
  8 endoplasms
  5 goblins
  6 hobgoblins
  2 jackals (D:1)
  3 quokkas
  3 ball pythons
  A frilled lizard (D:1)
  4 kobolds
  3 rats
77 creatures vanquished.

Vanquished Creatures (others)
  4 toadstools (D:1)
4 creatures vanquished.

Grand Total: 81 creatures vanquished

Notes
Turn   | Place    | Note
-------+----------+-------------------------------------------
     0 | D:1      | HoaS the Formicid Hunter began the quest for the Orb.
     0 | D:1      | Reached XP level 1. HP: 16/16 MP: 1/1
   291 | D:1      | Reached XP level 2. HP: 22/22 MP: 2/2
   948 | D:2      | Reached XP level 3. HP: 27/27 MP: 3/3
   982 | D:2      | Identified the +4 mace of Ecwi {drain, rPois SInv}
  1003 | D:2      | Reached skill level 5 in Ranged Weapons
  1211 | D:2      | Reached XP level 4. HP: 32/33 MP: 4/4
  1322 | D:3      | Noticed a scorpion
  1421 | D:4      | Reached skill level 6 in Ranged Weapons
  1421 | D:4      | Reached XP level 5. HP: 17/38 MP: 5/5
  1530 | D:4      | Noticed a phantom
  1533 | D:4      | Killed a phantom
  1549 | D:4      | Reached XP level 6. HP: 44/44 MP: 6/6
  1704 | D:4      | Found a staircase to the Ecumenical Temple.
  1716 | Temple   | Entered the Ecumenical Temple
  1892 | Temple   | Became a worshipper of Zin the Law-Giver
  1892 | Temple   | Reached * piety under Zin
  1947 | D:4      | Reached ** piety under Zin
  2128 | D:4      | Found a snail-covered altar of Cheibriados.
  2129 | D:4      | Found a stormy altar of Qazlal.
  2142 | D:4      | Reached skill level 7 in Ranged Weapons
  2153 | D:4      | Reached skill level 1 in Invocations
  2155 | D:4      | Found a shimmering blue altar of Sif Muna.
  2155 | D:4      | Found a glowing golden altar of the Shining One.
  2443 | D:3      | Found a transporter.
  2443 | D:3      | Noticed senseless's ghost (amateur HuMo)
  2713 | D:3      | Found a transporter.
  2820 | D:5      | Entered Level 5 of the Dungeon
  2837 | D:5      | Noticed a water moccasin
  2848 | D:5      | Killed a water moccasin
  2849 | D:5      | Reached XP level 7. HP: 29/50 MP: 7/9
  2967 | D:5      | Found a sacrificial altar of Ru.
  2989 | D:5      | Found Piebleeh's Assorted Antiques.
  3234 | D:5      | Reached skill level 8 in Ranged Weapons
  3694 | D:3      | HP: 1/50 [senseless's ghost (2)]
  3700 | D:3      | Slain by senseless's ghost

Illustrated notes

Levels and vault maps discovered:
D:1:      dpeg_arrival_more_subterranean_lakeside_camping, layout_basic,
          minmay_gold_behind_fungi
D:2:      layout_rooms, serial_glass, glass_columns_b, glass_columns_a,
          item_on_display_a, minmay_strange_pillars, feat_on_display
D:3:      layout_rooms, gammafunk_ghost_mausoleum
D:4:      layout_basic, chequers_temple_overflow_statue_of_worship,
          minmay_temple_entry_mist, st_stairs_13
D:5:      layout_basic, nicolae_ru_awakened_eye, serial_shops, shop, nrook_uturn
Temple:   nicolae_temple_slightly_damp_pantheon

Skill      XL: |  1  2  3  4  5  6  7 |
---------------+----------------------+-----
Ranged Weapons | 5 6 7 8 |  8.4
Invocations    | 2 3 |  3.7
Fighting       | |  2.1
Dodging        | |  1.7
Stealth        | |  1.2

Action                     |  1- 3 |  4- 6 |  7- 9 || total
---------------------------+-------+-------+-------++-------
   Fire: Shortbow          |    66 |   138 |    53 ||   257
Ability: Dig               |       |     2 |       ||     2
  Evoke: Wand              |       |     1 |       ||     1
    Use: Scroll            |     1 |     1 |     5 ||     7
         Potion            |       |       |     3 ||     3
 Armour: Leather armour    |     7 |    13 |     2 ||    22
  Dodge: Dodged            |    20 |    38 |    26 ||    84

Table legend: (Time is in decaauts)
 A = Elapsed time spent in this place.
 B = Non-inter-level travel time spent in this place.
 C = Inter-level travel time spent in this place.
 D = Time resting spent in this place.
 E = Time spent auto-exploring this place.
 F = Levels seen in this place.
 G = Mean time per level.
                   A        B        C        D        E       F      G
               +--------+--------+--------+--------+--------+-----+--------+
         Total |   3762 |   3562 |    200 |    516 |   2447 |   6 |  627.0 |
       Dungeon |   3566 |   3393 |    173 |    516 |   2292 |   5 |  713.2 |
        Temple |    195 |    168 |     27 |      0 |    155 |   1 |  195.0 |
               +--------+--------+--------+--------+--------+-----+--------+

Top non-repeatable levels by time:
     D:5: 833 daAuts
     D:1: 813 daAuts
     D:4: 771 daAuts
     D:3: 738 daAuts
     D:2: 409 daAuts
  Temple: 195 daAuts
